 Dungeon Crawl Stone Soup version 0.31.0-32-g396128a36d (webtiles) character file.

Game seed: 7646388336934124662

28 CaptainMV the Twirler (level 2, -1/24 HPs)
             Began as a Demonspawn Wanderer on Apr 17, 2024.
             Was a Follower of Trog.
             Slain by a gnoll
             ... wielding a +0 spear
              (9 damage)
             ... on level 2 of the Dungeon.
             The game lasted 00:05:14 (518 turns).

CaptainMV the Twirler (Demonspawn Wanderer)          Turns: 518, Time: 00:05:14

Health: -1/24      AC:  3    Str: 15    XL:     2   Next: 96%
Magic:  2/2        EV:  6    Int: 10    God:    Trog [*.....]
Gold:   64         SH: 12    Dex: 11    Spells: 1/1 levels left

rFire   . . .        b - +0 mace
rCold   . . .        k - +2 tower shield {reflect}
rNeg    . . .        d - +0 leather armour
rPois   .            (no helmet)
rElec   .            (no cloak)
rCorr   .            (no gloves)
SInv    .            (no boots)
Will    .....        f - amulet of regeneration
Stlth   +            (no ring)
HPRegen 1.04/turn    (no ring)
MPRegen 0.08/turn

%: reflection
@: no status effects
A: powered by pain 1
a: Renounce Religion, Berserk


You were on level 2 of the Dungeon.
You worshipped Trog.
Trog was aware of your devotion.
You visited 1 branch of the dungeon, and saw 2 of its levels.

You collected 64 gold pieces.

Inventory:

Hand Weapons
 a - a +3 quarterstaff
 b - a +0 mace (weapon)
Missiles
 h - 10 poisoned darts (quivered)
 l - a throwing net
Armour
 d - a +0 leather armour (worn)
 k - a +2 tower shield of reflection (worn)
 p - the +1 robe of Shadows and Fog {rF++ Stlth+}
   (You found it on level 2 of the Dungeon)

   rF++:      It greatly protects you from fire.
   Stlth+:    It makes you more stealthy.
Jewellery
 e - a ring of willpower
 f - an amulet of regeneration (around neck)
 i - an amulet of reflection
Potions
 j - a potion of brilliance
 m - 2 potions of might {unknown}
 n - a potion of berserk rage {unknown}
 o - a potion of heal wounds {unknown}


   Skills:
 + Level 3.1 Fighting
 + Level 2.8(4.0) Maces & Flails
 + Level 4.2(4.7) Staves
 + Level 0.1 Armour
 + Level 0.1 Dodging


You had one spell level left.
You didn't know any spells.
Your spell library contained the following spells:

 Spells                   Type           Power      Damage    Failure   Level
 Stone Arrow              Conj/Erth      0%         3d7       100%        3
 Animate Armour           Summ/Erth      0%         N/A       100%        4
 Lehudib's Crystal Spear  Conj/Erth      0%         10d2      100%        8


Dungeon Overview and Level Annotations

Branches:
Dungeon (2/15)

Altars:
Trog


Innate Abilities, Weirdness & Mutations

You sometimes gain a little power by taking damage.


Message History

The gnoll hits you with a +0 flail. You block the gnoll's attack.
The gnoll hits you from afar with a +0 spear.
* * * LOW HITPOINT WARNING * * *
You block the gnoll's attack. x2
You sock the gnoll!
The gnoll is severely wounded.
You block the gnoll's attack. The gnoll hits you but does no damage.
You block the gnoll's attack.
The gnoll hits you from afar with a +0 spear.
* * * LOW HITPOINT WARNING * * *
You block the gnoll's attack. x2
Blink to where?
Press: ? - help, Q - select action, (/) - cycle Dir - move target
As you read the scroll of blinking, it crumbles to dust.
It was a potion of curing.
You feel better.
Okay, then.
The gnoll throws a throwing net.
You block the throwing net with your +2 tower shield of reflection... and reflect it back!
The throwing net hits the gnoll.
The gnoll is caught in the net!
The gnoll struggles against the net.
The gnoll struggles against the net.
The gnoll struggles against the net.
You open the door.
An adder and a rat come into view.
The gnoll struggles against the net.
Found 6 gold pieces and a tiny citrine amulet.
The gnoll hits you from afar with a +0 spear.
You block the gnoll's attack. The gnoll hits you with a +0 club.
There is an open door here.
You barely miss the rat.
The adder hisses angrily.
You block the gnoll's attack.
The gnoll hits you from afar with a +0 spear!
* * * LOW HITPOINT WARNING * * *
You block the rat's attack.
You sock the rat!
You kill the rat!
Trog accepts your kill.
The gnoll hits you from afar with a +0 spear!
You die...

#.. #.... #.##...
###########....##.#.
##.....#.............
##..................#
#............K(..####
#...........gg.###
#.............##.#
#............g@S$#
#>............##"#
#.......)......###
##...............##+#
##.....#††.........##
#########............
#....[#.....#......##
.....................
...............##..#


You could see 3 gnolls, an adder and a kobold.

Vanquished Creatures
  A ribbon worm (D:2)
  4 bats
  2 endoplasms
  2 goblins (D:1)
  2 hobgoblins (D:1)
  2 jackals (D:1)
  2 quokkas
  2 ball pythons
  2 frilled lizards (D:1)
  2 kobolds (D:1)
  3 rats
24 creatures vanquished.

Notes
Turn   | Place    | Note
-------+----------+-------------------------------------------
     0 | D:1      | CaptainMV the Demonspawn Wanderer began the quest for the
                  | Orb.
     0 | D:1      | CaptainMV set off with the following items: a +3
                  | quarterstaff, a +0 mace, a scroll of blinking, a +0 leather
                  | armour.
     0 | D:1      | Reached XP level 1. HP: 18/18 MP: 1/1
    86 | D:1      | Found a faded altar of an unknown god.
    94 | D:1      | Prayed at the altar of an unknown god.
    94 | D:1      | Became a worshipper of Trog the Wrathful
    94 | D:1      | Reached * piety under Trog
   149 | D:1      | Gained mutation: You sometimes gain a little power by
                  | taking damage. [demonic ancestry]
   149 | D:1      | Reached XP level 2. HP: 24/24 MP: 2/2
   224 | D:1      | Reached skill level 4 in Staves
   502 | D:2      | Identified the +1 robe of Shadows and Fog {rF++ Stlth+}
   518 | D:2      | Slain by a gnoll

Illustrated notes

Levels and vault maps discovered:
D:1:      minmay_arrival_pointy, layout_basic,
          shapermc_ecumenical_altar_totnotflames, hangedman_decor_push
D:2:      layout_rooms, minmay_divided_ellipse

Skill      XL: |  1  2 |
---------------+-------+-----
Staves         | 4 |  4.2
Fighting       | |  3.1
Maces & Flails | |  2.8
Armour         | |  0.1
Dodging        | |  0.1

Action                     || total
---------------------------++-------
  Melee: Quarterstaff      ||    48
         Mace              ||     8
    Use: Scroll            ||     5
         Potion            ||     1
 Armour: Leather armour    ||    35
  Dodge: Dodged            ||    32
  Block: Tower shield      ||    17
         Reflection        ||     1
